 Dungeon Crawl Stone Soup version 0.25.0-26-g0c896c7088 (webtiles) character file.

Game seed: 17708753136462141802

3949 Ethylacetat the Tainter (level 10, 0/75 HPs)
             Began as a Naga Venom Mage on July 4, 2020.
             Was an Elder of Cheibriados.
             Slain by a three-headed hydra (10 damage)
             ... on level 8 of the Dungeon.
             The game lasted 00:57:14 (5702 turns).

Ethylacetat the Tainter (Naga Venom Mage)           Turns: 5702, Time: 00:57:15

Health: 0/75       AC:  8    Str: 22    XL:     10   Next: 21%
Magic:  26/28      EV: 10    Int: 30    God:    Cheibriados [****..]
Gold:   82         SH:  0    Dex: 20    Spells: 16/21 levels left

rFire    . . .     SeeInvis +   q - +8 dagger of an ice cave {drain, MP+9}
rCold    . . .     Gourm    .   (no shield)
rNeg     . . .     Faith    .   a - +0 robe
rPois    +         Spirit   .   k - +2 helmet
rElec    .         Reflect  .   (no cloak)
rCorr    .         Harm     .   (no gloves)
MR       ++...                  (no barding)
Stlth    +++.......             y - amulet of magic regeneration
HPRegen  0.22/turn              r - ring of wizardry
MPRegen  0.46/turn              v - +6 ring of intelligence

@: very slow
A: large, see invisible, deformed body, magic resistance 1, poison resistance,
shaggy fur 1, slowness 2, slow metabolism 1, spit poison 1, weak 1, AC +3
a: Spit Poison, Bend Time, Temporal Distortion, Slouch, Renounce Religion


You were on level 8 of the Dungeon.
You worshipped Cheibriados.
Cheibriados was greatly pleased with you.
You were very hungry.

You visited 2 branches of the dungeon, and saw 9 of its levels.

You collected 274 gold pieces.
You spent 192 gold pieces at shops.

Inventory:

Hand Weapons
 q - the +8 dagger of an ice cave (weapon) {drain, MP+9}
   (You found it on level 4 of the Dungeon)

   A truly terrible weapon, it drains the life of those it strikes.
   It affects your magic capacity (+9).
Armour
 a - a +0 robe (worn)
 k - a +2 helmet (worn)
Jewellery
 b - a cursed -4 ring of dexterity {unknown}
 i - an uncursed amulet of reflection {unknown}
 r - a ring of wizardry (left hand)
 v - a +6 ring of intelligence (right hand)
 y - an amulet of magic regeneration (around neck)
 B - an uncursed amulet of regeneration {unknown}
Wands
 f - a wand of clouds (2)
 s - a wand of polymorph (8)
 z - a wand of flame (21)
 C - a wand of digging (8)
Scrolls
 d - a scroll of immolation {unknown}
 e - 4 scrolls of magic mapping
 h - 2 scrolls of teleportation
 l - 5 scrolls of remove curse
 m - 2 scrolls of enchant weapon
 o - a scroll of amnesia {unknown}
 u - 2 scrolls of enchant armour
 D - 2 scrolls of vulnerability
Potions
 g - 3 potions of flight
 j - a potion of curing
 n - 2 potions of magic
 p - a potion of resistance
Comestibles
 c - 10 rations


   Skills:
 + Level 5.7 Short Blades
 - Level 1.5 Dodging
 - Level 3.0 Stealth
 + Level 6.1 Spellcasting
 - Level 4.5 Transmutations
 + Level 10.1 Poison Magic
 * Level 8.5 Invocations


You had 16 spell levels left.
You knew the following spells:

 Your Spells              Type           Power        Failure   Level  Hunger
a - Sting                 Tmut/Pois      ####         1%          1    None
b - Olgreb's Toxic Radia  Pois           ######..     1%          4    ###....

Your spell library contained the following spells:

 Spells                   Type           Power        Failure   Level  Hunger
 Poisonous Vapours        Pois/Air       #####.       1%          2    None
 Ignite Poison            Fire/Tmut/Pois #####...     1%          3    None
 Mephitic Cloud           Conj/Pois/Air  ####....     1%          3    None


Dungeon Overview and Level Annotations

Branches:
Dungeon (8/15)             Temple (1/1) D:4
   Lair: D:8-11

Altars:
Ashenzari
Cheibriados
Dithmenos
Fedhas
Gozag
Hepliaklqana
Kikubaaqudgha
Okawaru
Qazlal
Ru
Trog
Uskayaw
Vehumet
The Shining One

Shops:
D:4 (   D:6 [!


Innate Abilities, Weirdness & Mutations

You cannot wear boots.
Your serpentine skin is tough. (AC +3)
You have supernaturally acute eyesight. (SInv)
Armour fits poorly on your strangely shaped body.
Your system is resistant to poisons. (rPois)
You cover ground very slowly.
You have a slow metabolism.
You can spit poison.
You are resistant to hostile enchantments. (MR+)
You are covered in fur. (AC +1)
You are weak. (Str -2)


Message History

The three-headed hydra bites you but does no damage.
The three-headed hydra bites you! The three-headed hydra bites you.
You puncture the three-headed hydra!
The three-headed hydra is moderately wounded.
Your toxic aura wanes.
The three-headed hydra bites you! x2
* * * LOW HITPOINT WARNING * * *
The three-headed hydra bites you but does no damage.
You hit the three-headed hydra.
The three-headed hydra is moderately wounded.
The three-headed hydra misses you.
The three-headed hydra bites you but does no damage.
The three-headed hydra bites you!
* * * LOW HITPOINT WARNING * * *
You feel better. The three-headed hydra bites you.
* * * LOW HITPOINT WARNING * * *
The three-headed hydra bites you.
* * * LOW HITPOINT WARNING * * *
The three-headed hydra bites you!
You die...

##.# .# ...# .. ##..
#.# .# ######## #.#
.#.# #%%...' # ...#
#.....# #. #..#
##'''###+#
#.###..#####..D.%P≈.#
##..........#.%.@.≈≈P#
.###......# #.%P..P)≈#
.......(..# #......≈P#
.###.#..#.###.≈.≈.≈PP#
## #........####.#####
#.##.#...# #).#
#........###)##
#.##.#...##..#
#.#.........##


You could see a three-headed hydra (drained).

Vanquished Creatures
  A moth of wrath (D:5)
  2 dream sheep (D:8)
  Grinder (D:4)
  2 yaks (D:8)
  A hungry ghost (D:7)
  Edmund (D:6)
  2 ice beasts
  2 orc warriors (D:8)
  A necrophage (D:8)
  A phantom (D:7)
  A centaur (D:6)
  2 ogres
  3 big kobolds (D:8)
  A bullfrog (D:6)
  2 scorpions
  6 killer bees (D:8)
  2 crimson imps (D:6)
  A bullfrog zombie (D:7)
  2 hounds
  2 orc priests
  2 bullfrog skeletons
  A centaur skeleton (D:5)
  5 iguanas
  7 worker ants
  10 orc wizards
  A killer bee zombie (D:5)
  A howler monkey zombie (D:6)
  A howler monkey skeleton (D:4)
  7 adders
  3 oozes
  3 adder skeletons
  3 worms
  2 dart slugs
  4 leopard geckos
  24 orcs
  A ball python (D:4)
  5 bats
  8 giant cockroaches
  6 goblins
  4 hobgoblins (D:3)
  4 jackals (D:3)
  8 kobolds
  3 quokkas
  A frilled lizard (D:5)
  A quokka zombie (D:6)
  8 rats
159 creatures vanquished.

Notes
Turn   | Place    | Note
-------+----------+-------------------------------------------
     0 | D:1      | Ethylacetat the Naga Venom Mage began the quest for the
                  | Orb.
     0 | D:1      | Reached XP level 1. HP: 15/15 MP: 3/3
   286 | D:1      | Reached XP level 2. HP: 15/22 MP: 0/5
   732 | D:2      | Reached XP level 3. HP: 23/28 MP: 4/6
   926 | D:2      | Reached skill level 5 in Poison Magic
  1216 | D:2      | You fall into a shaft and drop 1 floor!
  1220 | D:3      | Reached XP level 4. HP: 36/36 MP: 5/7
  1449 | D:3      | Found a sacrificial altar of Ru.
  1573 | D:3      | Found a blossoming altar of Fedhas.
  1604 | D:3      | Reached XP level 5. HP: 42/42 MP: 2/9
  1786 | D:4      | Got an encrusted dagger
  1787 | D:4      | Identified the +8 dagger of an ice cave {drain, MP+9} (You
                  | found it on level 4 of the Dungeon)
  1795 | D:4      | Noticed a +0 dagger
  1859 | D:4      | Noticed a +0 dagger
  1875 | D:4      | Reached skill level 6 in Poison Magic
  1917 | D:4      | Found a hide-covered altar of Uskayaw.
  1928 | D:4      | Reached XP level 6. HP: 49/49 MP: 10/10
  1931 | D:4      | Found Niahaitor's Antique Weapon Shoppe.
  1976 | D:4      | Reached skill level 1 in Short Blades
  2285 | D:4      | Found a staircase to the Ecumenical Temple.
  2297 | Temple   | Entered the Ecumenical Temple
  2335 | Temple   | Became a worshipper of Cheibriados the Contemplative
  2381 | D:4      | Noticed Grinder
  2399 | D:4      | Killed Grinder
  2399 | D:4      | Reached skill level 7 in Poison Magic
  2399 | D:4      | Reached XP level 7. HP: 20/55 MP: 12/12
  2808 | D:5      | Entered Level 5 of the Dungeon
  2810 | D:5      | Reached skill level 1 in Invocations
  2907 | D:5      | Learned a level 4 spell: Olgreb's Toxic Radiance
  3371 | D:5      | Reached * piety under Cheibriados
  3425 | D:5      | Noticed a moth of wrath
  3428 | D:5      | Found a bloodstained altar of Trog.
  3450 | D:5      | Killed a moth of wrath
  3450 | D:5      | Reached skill level 8 in Poison Magic
  3450 | D:5      | Reached XP level 8. HP: 61/62 MP: 5/14
  3671 | D:6      | Found a stormy altar of Qazlal.
  3757 | D:6      | Found Kiplompu's Distillery.
  3765 | D:6      | Bought a potion of mutation for 96 gold pieces
  3765 | D:6      | Bought a potion of mutation for 96 gold pieces
  3765 | D:6      | Gained mutation: You expend magic power (3 MP) to
                  | strengthen your wands. [potion of mutation]
  3765 | D:6      | Lost mutation: You expend magic power (3 MP) to strengthen
                  | your wands. [potion of mutation]
  3765 | D:6      | Gained mutation: You passively map a small area around you.
                  | [potion of mutation]
  3766 | D:6      | Lost mutation: You passively map a small area around you.
                  | [potion of mutation]
  3766 | D:6      | Gained mutation: You tend to lose your temper in combat.
                  | [potion of mutation]
  3766 | D:6      | Gained mutation: You expend magic power (3 MP) to
                  | strengthen your wands. [potion of mutation]
  3766 | D:6      | Gained mutation: You are covered in fur. (AC +1) [potion of
                  | mutation]
  3767 | D:6      | Lost mutation: You expend magic power (3 MP) to strengthen
                  | your wands. [potion of mutation]
  3767 | D:6      | Lost mutation: You tend to lose your temper in combat.
                  | [potion of mutation]
  3767 | D:6      | Gained mutation: You are weak. (Str -2) [potion of
                  | mutation]
  3767 | D:6      | Gained mutation: You are resistant to hostile enchantments.
                  | (MR+) [potion of mutation]
  3876 | D:6      | Found a radiant altar of Vehumet.
  3927 | D:6      | Reached ** piety under Cheibriados
  4051 | D:6      | Reached skill level 5 in Invocations
  4052 | D:6      | Found Orrif's Armour Shoppe.
  4168 | D:6      | Found a shattered altar of Ashenzari.
  4203 | D:6      | Noticed Edmund
  4215 | D:6      | Killed Edmund
  4215 | D:6      | Reached XP level 9. HP: 35/68 MP: 11/16
  4491 | D:7      | Reached skill level 5 in Spellcasting
  4631 | D:7      | Reached skill level 9 in Poison Magic
  4915 | D:8      | Found an opulent altar of Gozag.
  4930 | D:8      | Reached *** piety under Cheibriados
  5099 | D:8      | Reached skill level 5 in Short Blades
  5214 | D:8      | Found a glowing golden altar of the Shining One.
  5234 | D:8      | Reached **** piety under Cheibriados
  5676 | D:8      | Reached XP level 10. HP: 72/75 MP: 17/18
  5676 | D:8      | Noticed a three-headed hydra
  5678 | D:8      | Reached skill level 10 in Poison Magic
  5702 | D:8      | Slain by a three-headed hydra

Illustrated notes

Levels and vault maps discovered:
D:1:      minmay_arrival_plants_in_alcoves, layout_loops_ring,
          serial_bayou_lake_a
D:2:      layout_rooms, first_ration
D:3:      layout_rooms, fedhas_altar_2, lemuel_crystal_altar
D:4:      layout_loops_ring, marbit_many_paths, dancing_weapons_uskayaw,
          minmay_temple_entry_antechambers, serial_shops,
          nicolae_shop_competitors_out_of_business,
          chequers_serial_rivers_small_a, uniq_grinder
D:5:      layout_basic, tgw_trog, kennysheep_donut
D:6:      layout_basic, evilmike_ruin_ashenzari, vehumet_crystals, serial_shops,
          shop, shop, nicolae_qazlal_general_emergency, uniq_edmund
D:7:      layout_basic, serial_curves, eino_curves_01, eino_curves_01,
          eino_curves_04
D:8:      layout_loops_cross, lemuel_doored_altar, overflow_temple_1_default,
          hangedman_ranch [blue_anna_fruit_fields], minmay_misc_feat_five
Temple:   nicolae_temple_figure_eight

Skill      XL: |  1  2  3  4  5  6  7  8  9 10 |
---------------+-------------------------------+-----
Transmutations | 2 3 4 |  4.5
Poison Magic   | 5 6 7 8 9 10 | 10.1
Spellcasting   | 3 4 5 6 |  6.1
Short Blades   | 1 3 5 |  5.7
Invocations    | 3 5 8 |  8.5
Dodging        | |  1.5
Stealth        | |  3.0

Action                   |  1- 3 |  4- 6 |  7- 9 | 10-12 || total
-------------------------+-------+-------+-------+-------++-------
Melee: Unarmed           |    35 |    27 |       |       ||    62
       Dagger            |       |    43 |   199 |    11 ||   253
 Cast: Sting             |    27 |    41 |    21 |       ||    89
       Olgreb's Toxic Ra |       |       |    27 |     1 ||    28
 Abil: Spit Poison       |    19 |    29 |    28 |     1 ||    77
Evoke: Wand              |       |       |     1 |       ||     1
  Use: Scroll            |       |       |    12 |       ||    12
       Potion            |       |       |    13 |     1 ||    14
 Stab: Sleeping          |       |       |     3 |       ||     3
  Eat: Chunk             |     1 |     5 |    11 |       ||    17
       Ration            |       |       |     1 |       ||     1
Armor: Robe              |    12 |    22 |    63 |     3 ||   100
Dodge: Dodged            |    26 |    44 |    84 |     2 ||   156
